AoeStats
← catchchez

Arabia

510515542Analyzed
1v1 RM · 2d ago on Oct 1, 2026· 43m 44s· 2 players
Game mode
Random Map
Map size
Tiny (2 player)
Population
200
Speed
Normal
Resources
Standard
Victory
Conquest
Starting age
Dark Age
Ending age
Imperial Age
RankedLock teamsTeams togetherTeam positionsShared explorationLock speedFull tech treeHidden civsTurbo modeCheats
Victory
Defeat
🇧🇪 Ethiopians · Belgium
781
+15
🇮🇳 Aztecs · India
767
-15
catchchez
2:17 Loom
11:18 Feudal Age
11:22 Man-at-Arms
14:47 Double-Bit Axe
16:43 Fletching
28:29 Castle Age
34:05 Long Swordsman
40:56 Bodkin Arrow
Mathias
4:30 Loom
11:26 Feudal Age
12:07 Double-Bit Axe
20:51 Padded Archer Armor
21:15 Fletching
30:50 Castle Age
31:20 Light Cavalry
33:10 Leather Archer Armor
32:51 Bodkin Arrow
34:06 Crossbowman
34:52 Thumb Ring
35:06 Scale Barding Armor
38:11 Bow Saw
42:06 Husbandry
42:30 Chain Barding Armor
Connection lost

Rejoining the realm…

Still unreachable

The connection could not be restored.

Session expired

The server has moved on; the page needs a fresh start.